 Dungeon Crawl Stone Soup version 0.18.1-48-g4cf74bf (webtiles) character file.

51 wamma the Ducker (level 3, -1/31 HPs)
             Began as a Draconian Berserker on Sept 13, 2016.
             Was a Believer of Trog.
             Slain by a goblin
             ... wielding a +2 dagger of electrocution
             ... led by Robin
              (19 damage)
             ... on level 2 of the Dungeon.
             The game lasted 00:11:45 (1622 turns).

wamma the Ducker (Draconian Berserker)              Turns: 1622, Time: 00:11:45

Health: -1/31      AC:  5    Str: 20    XL:     3   Next: 58%
Magic:  3/3        EV: 13    Int:  7    God:    Trog [**....]
Gold:   96         SH:  0    Dex: 10    Spells: 0 memorised, 2 levels left

rFire  . . .     SeeInvis .     e - +1 spear (freeze)
rCold  . . .     Gourm    .     (armour unavailable)
rNeg   . . .     Faith    .     (no shield)
rPois  .         Spirit   .     (helmet restricted)
rElec  .         Dismiss  .     (no cloak)
rCorr  .         Reflect  .     (no gloves)
SustAt .         Harm     .     (no boots)
MR     .....                    (no amulet)
Stlth  +.........               (no ring)
                                (no ring)

@: not resistant to hostile enchantments, very unstealthy
A: unfitting armour, cold-blooded, AC +5
a: Berserk, Trog's Hand, Burn Spellbooks, Renounce Religion


You were on level 2 of the Dungeon.
You worshipped Trog.
Trog was pleased with you.
You were not hungry.

You visited 1 branch of the dungeon, and saw 2 of its levels.

You collected 96 gold pieces.

Inventory:

Hand Weapons
 a - a +0 falchion
 e - a +1 spear of freezing (weapon)
 m - a +0 hunting sling
Missiles
 q - 15 stones (quivered)
Armour
 r - a +0 buckler
Jewellery
 h - an uncursed amulet of harm {unknown}
 j - an uncursed amulet of guardian spirit {unknown}
Scrolls
 g - a scroll of remove curse
 i - a scroll of enchant weapon
Potions
 c - a potion of curing
 n - a potion of berserk rage {unknown}
Comestibles
 b - 2 bread rations
 d - 3 meat rations
 f - 2 beef jerkies
 o - 2 chunks of flesh


   Skills:
 + Level 3.5 Fighting
 + Level 3.3 Long Blades
 + Level 3.7 Dodging
 + Level 0.2 Stealth


You had 2 spell levels left.
You didn't know any spells.

Dungeon Overview and Level Annotations

Branches:
Dungeon (2/15)

Altars:
Gozag

Annotations:
D:2 Robin


Innate Abilities, Weirdness & Mutations

Your plain brown scales are hard (AC +5).
Your body does not fit into most forms of armour.
You are cold-blooded and may be slowed by cold attacks.


Message History

The goblin shouts!
There is an open gate, spattered with blood here.
Attack whom?
Press: ? - help, Dir - move target cursor, f - goblin
Aim: a goblin, wielding a dagger of flaming You reach to attack!
You hit the goblin. You freeze the goblin.
You kill the goblin!
Trog accepts your kill.
You see here a dagger of flaming.
You feel better.
There is an open gate here.
The goblin shouts!
The goblin shouts!
The goblin shouts! x2; The hobgoblin shouts!
Your magical contamination has completely faded away.
You closely miss the goblin.
Your tail-slap misses the goblin.
The goblin hits you with a dagger of electrocution.
You are electrocuted!
Ouch! That really hurt!
You die...

#...#####..≈≈#
#####...#..≈≈##
#..'...'..≈≈≈##########
#.†#...#..≈≈≈#.........
#...#..#########≈≈.########
#.g.#..........#≈≈)#
#.g.#..........'...#
#.gg#..........)...#
#g..#...gg@....'...#
#...#.gg.......#≈≈##
#'(##g.#########≈≈#
#..ggg.# ≈≈≈## #..g...+
.≈≈≈# #......# #..≈≈##
######## #####


You could see Robin, a hobgoblin and 7 goblins.

Vanquished Creatures
  2 worms (D:2)
  A dart slug (D:1)
  A giant gecko (D:1)
  A ball python (D:1)
  A giant cockroach (D:1)
  6 goblins
  3 hobgoblins
  4 jackals
  A quokka (D:2)
  3 bats (D:1)
  13 giant newts (D:1)
  4 kobolds (D:1)
  5 rats
45 creatures vanquished.

Notes
Turn   | Place    | Note
--------------------------------------------------------------
     0 | D:1      | wamma the Draconian Berserker began the quest for the Orb.
     0 | D:1      | Reached XP level 1. HP: 19/19 MP: 1/1
   281 | D:1      | Reached XP level 2. HP: 15/26 MP: 2/2
   468 | D:1      | Reached ** piety under Trog
   791 | D:1      | Reached XP level 3. HP: 31/31 MP: 3/3
  1350 | D:2      | Found an opulent altar of Gozag.
  1544 | D:2      | Noticed Robin
  1622 | D:2      | Slain by a goblin

Skill      XL: |  1 |
---------------+----+-----
Dodging        | 3 |  3.7
Fighting       | |  3.5
Long Blades    | |  3.3
Stealth        | |  0.2

Action                   || total
-------------------------++-------
Melee: Spear             ||   141
       Falchion          ||     8
       Tailslap          ||    11
 Fire: Hunting sling     ||     3
  Use: Scroll            ||    10
       Potion            ||     4
  Eat: Chunk             ||     2
Armor: Skin              ||    56
Dodge: Dodged            ||   110
